 Dungeon Crawl Stone Soup version 0.28-a0-1506-g3893175d92 (webtiles) character file.

Game seed: 2437567046965303937

171 ragingrage the Charlatan (level 5, -7/32 HPs)
             Began as a Gargoyle Artificer on Jan 14, 2022.
             Was an Initiate of Okawaru.
             Mangled by an ogre (16 damage)
             ... on level 4 of the Dungeon.
             The game lasted 00:07:56 (4235 turns).

ragingrage the Charlatan (Gargoyle Artificer)       Turns: 4235, Time: 00:07:57

Health: -7/32      AC: 16    Str: 17    XL:     5   Next: 51%
Magic:  5/5        EV:  5    Int: 12    God:    Okawaru [......]
Gold:   80         SH:  0    Dex: 10    Spells: 4/4 levels left

rFire   . . .      SeeInvis .   w - +0 war axe
rCold   . . .      Faith    .   h - orb {light}
rNeg    + . .      Spirit   .   g - +0 plate armour
rPois   ∞          Reflect  .   k - +0 helmet
rElec   +          Harm     .   (no cloak)
rCorr   .          Rampage  .   (no gloves)
Will    .....                   (no boots)
Stlth   ..........              (no amulet)
HPRegen 0.10/turn               (no ring)
MPRegen 0.09/turn               (no ring)

@: glowing
A: sickness immunity, AC +4, negative energy resistance 1, electricity
resistance, torment resistance 1, petrification resistance
a: Renounce Religion


You were on level 4 of the Dungeon.
You worshipped Okawaru.
Okawaru was noncommittal.
You visited 2 branches of the dungeon, and saw 5 of its levels.

You collected 80 gold pieces.

Inventory:

Hand Weapons
 w - a +0 war axe (weapon)
Missiles
 i - 2 poisoned darts (quivered)
Armour
 g - a +0 plate armour (worn)
 h - an orb of light (worn)
 k - a +0 helmet (worn)
Jewellery
 o - a ring of fire
Wands
 c - a wand of flame (15)
Scrolls
 a - a scroll of blinking {unknown}
 b - a scroll of noise {unknown}
 d - 2 scrolls of vulnerability {unknown}
 f - 4 scrolls of magic mapping {unknown}
 q - 2 scrolls of enchant weapon {unknown}
 r - a scroll of immolation {unknown}
 s - a scroll of identify {unknown}
 u - a scroll of fog {unknown}
Potions
 j - a potion of degeneration {unknown}
 l - 2 potions of attraction {unknown}
 m - 2 potions of resistance
 p - a potion of might {unknown}
 t - a potion of brilliance {unknown}
 v - a potion of cancellation {unknown}
 x - a potion of ambrosia {unknown}
Miscellaneous
 e - a piece from Xom's chessboard (15/15)


   Skills:
 - Level 3.5 Fighting
 * Level 1.6 Axes
 - Level 2.1 Armour
 - Level 0.7 Dodging
 - Level 1.1 Stealth
 + Level 4.1 Evocations


You had 4 spell levels left.
You didn't know any spells.
Your spell library contained the following spells:

 Spells                   Type           Power      Damage    Failure   Level
 Blink                    Tloc           0%         N/A       100%        2
 Confusing Touch          Hex            0%         N/A       100%        3
 Conjure Flame            Conj/Fire      0%         6-21      100%        3
 Ignite Poison            Fire/Tmut/Pois 0%         N/A       100%        3
 Lesser Beckoning         Tloc           0%         N/A       100%        3
 Sticky Flame             Conj/Fire      0%         2d3       100%        4
 Manifold Assault         Tloc           0%         N/A       100%        5
 Yara's Violent Unravell  Hex/Tmut       0%         3d3       100%        5
 Enfeeble                 Hex            0%         N/A       100%        7


Dungeon Overview and Level Annotations

Branches:
Dungeon (4/15)             Temple (1/1) D:4

Altars:
Cheibriados
Dithmenos
Fedhas
Hepliaklqana
Makhleb
Nemelex Xobeh
Okawaru
Ru
Sif Muna
Trog
Uskayaw
Vehumet
Wu Jian
Xom
Yredelemnul
Zin
The Shining One


Innate Abilities, Weirdness & Mutations

You are immune to sickness and miasma.
Your stone body is resilient. (AC +4)
You are immune to poison.
You resist negative energy. (rN+)
You are resistant to electric shocks. (rElec)
You are resistant to unholy torment.
You are immune to petrification.


Message History

Throw: 8 darts (poison)
Press: ? - help, Q - select action, (/) - cycle Shift-Dir - straight line, f/p - ogre
Aim: an ogre, wielding a +0 giant club (moderately wounded, haloed, 93% to hit)
You throw a poisoned dart.
The poisoned dart completely misses the ogre.
The ogre barely misses you.
Throw: 7 darts (poison)
Press: ? - help, Q - select action, (/) - cycle Shift-Dir - straight line, f/p - ogre
Aim: an ogre, wielding a +0 giant club (moderately wounded, haloed, 93% to hit)
You throw a poisoned dart. The poisoned dart hits the ogre.
The ogre is moderately wounded.
The ogre hits you with a +0 giant club.
Unknown command.
Throw: 6 darts (poison)
Press: ? - help, Q - select action, (/) - cycle Shift-Dir - straight line, f/p - ogre
Aim: an ogre, wielding a +0 giant club (moderately wounded, haloed, 93% to hit)
You throw a poisoned dart. The poisoned dart hits the ogre.
The ogre is poisoned.
The ogre is moderately wounded.
Throw: 5 darts (poison)
Press: ? - help, Q - select action, (/) - cycle Shift-Dir - straight line, f/p - ogre
Aim: an ogre, wielding a +0 giant club (moderately wounded, poisoned, haloed, 93% to hit)
You throw a poisoned dart.
The poisoned dart barely misses the ogre.
The ogre barely misses you.
Throw: 4 darts (poison)
Press: ? - help, Q - select action, (/) - cycle Shift-Dir - straight line, f/p - ogre
Aim: an ogre, wielding a +0 giant club (heavily wounded, poisoned, haloed, 93% to hit)
You throw a poisoned dart. The poisoned dart hits the ogre.
The ogre is heavily wounded.
The ogre hits you with a +0 giant club!
* * * LOW HITPOINT WARNING * * *
Throw: 3 darts (poison)
Press: ? - help, Q - select action, (/) - cycle Shift-Dir - straight line, f/p - ogre
Aim: an ogre, wielding a +0 giant club (heavily wounded, poisoned, haloed, 93% to hit)
You throw a poisoned dart. The poisoned dart hits the ogre.
The ogre is heavily wounded.
The ogre hits you with a +0 giant club!
Ouch! That really hurt!
You die...

##..........
#...≈≈≈≈≈≈≈. .#
...≈≈≈≈≈≈... .#.##
...≈≈_....8. ....
...≈≈≈≈≈≈... ...#
#...≈≈≈≈≈≈≈. #..#
#........... # #..#
###...##### #.##.!#
# ##'## #(O@..# #
#.# ####.## # #.#
#)# #
##.############.#
###...............#
#......#.#########
##...#.#.#
####)##.#.#
.....##.#.#


You could see an ogre (poisoned).

Vanquished Creatures
  Ijyb (D:3)
  Natasha (thrice) (D:2)
  3 dart slugs
  6 orcs
  4 ball pythons
  5 bats
  3 endoplasms
  3 giant cockroaches
  7 hobgoblins
  5 jackals
  7 kobolds
  A frilled lizard (D:1)
  5 goblins
  A rat (D:1)
54 creatures vanquished.

Vanquished Creatures (collateral kills)
  An endoplasm (D:1)
1 creature vanquished.

Vanquished Creatures (others)
  A hobgoblin (D:2)
1 creature vanquished.

Grand Total: 56 creatures vanquished

Notes
Turn   | Place    | Note
-------+----------+-------------------------------------------
     0 | D:1      | ragingrage the Gargoyle Artificer began the quest for the
                  | Orb.
     0 | D:1      | Reached XP level 1. HP: 12/12 MP: 1/1
   271 | D:1      | Reached skill level 3 in Evocations
   271 | D:1      | Reached XP level 2. HP: 11/17 MP: 2/2
   541 | D:1      | Found a faded altar of an unknown god.
  1150 | D:2      | Reached XP level 3. HP: 15/21 MP: 3/3
  1356 | D:2      | Noticed Natasha
  1373 | D:2      | Killed Natasha
  1387 | D:2      | Noticed Natasha
  1403 | D:2      | Killed Natasha
  1404 | D:2      | Reached XP level 4. HP: 9/28 MP: 4/4
  1575 | D:2      | Noticed Natasha
  1586 | D:2      | Killed Natasha
  2502 | D:3      | Reached skill level 4 in Evocations
  2502 | D:3      | Reached XP level 5. HP: 22/32 MP: 5/5
  2968 | D:3      | Noticed Ijyb
  3019 | D:3      | Killed Ijyb
  3020 | D:3      | Reached skill level 1 in Axes
  3529 | D:4      | Found a staircase to the Ecumenical Temple.
  3553 | Temple   | Entered the Ecumenical Temple
  3797 | Temple   | Became a worshipper of Warmaster Okawaru
  3915 | D:4      | Found a hide-covered altar of Uskayaw.
  4175 | D:4      | Found a shimmering altar of Xom.
  4223 | D:4      | Noticed an ogre
  4235 | D:4      | Mangled by an ogre

Illustrated notes

Levels and vault maps discovered:
D:1:      psy_arrival_radial01, layout_basic, ebering_ecumenical_altar_box
D:2:      layout_basic, eino_tiny_chamber, uniq_natasha
D:3:      layout_loops_ring, amcnicky_mini_pool_small,
          nicolae_figureground_sparkle, uniq_ijyb
D:4:      layout_loops_corners, mainiacjoe_overflow_chevrons,
          mainiacjoe_overflow_catwalk, minmay_temple_entry_drinking_statues
Temple:   regret_index_temple_generic_petals

Skill      XL: |  1  2  3  4  5 |
---------------+----------------+-----
Evocations     | 3 4 |  4.1
Fighting       | 2 3 |  3.5
Axes           | 1 |  1.6
Armour         | |  2.1
Dodging        | |  0.7
Stealth        | |  1.1

Action                   |  1- 3 |  4- 6 || total
-------------------------+-------+-------++-------
Melee: Club              |    66 |       ||    66
       Great sword       |    37 |    25 ||    62
       Unarmed           |     4 |       ||     4
       Punch             |     1 |       ||     1
       Hand axe          |       |   113 ||   113
       War axe           |       |    22 ||    22
Throw: Dart              |       |     6 ||     6
       Throwing net      |       |     1 ||     1
Evoke: Wand              |     2 |       ||     2
Armor: Plate armour      |    91 |   147 ||   238
       Leather armour    |     3 |       ||     3
Dodge: Dodged            |    25 |    47 ||    72

Table legend: (Time is in decaauts)
 A = Elapsed time spent in this place.
 B = Non-inter-level travel time spent in this place.
 C = Inter-level travel time spent in this place.
 D = Time resting spent in this place.
 E = Time spent auto-exploring this place.
 F = Levels seen in this place.
 G = Mean time per level.
                   A        B        C        D        E       F      G
               +--------+--------+--------+--------+--------+-----+--------+
         Total |   4343 |   4170 |    173 |    792 |   2641 |   5 |  868.6 |
       Dungeon |   4076 |   3932 |    144 |    792 |   2410 |   4 | 1019.0 |
        Temple |    266 |    237 |     29 |      0 |    231 |   1 |  266.0 |
               +--------+--------+--------+--------+--------+-----+--------+

Top non-repeatable levels by time:
     D:2: 1383 daAuts
     D:1: 1103 daAuts
     D:3: 1021 daAuts
     D:4: 568 daAuts
  Temple: 266 daAuts
